 Dungeon Crawl Stone Soup version 0.30.1-3-gfc49f6343a (webtiles) character file.

Game seed: 2882784960174828410

94299 Cheops the Brawler (level 15, -1/149 (152) HPs)
             Began as a Troll Fighter on July 21, 2023.
             Was a High Priest of Wu Jian.
             Slain by Mara
             ... wielding a +2 demon trident of pain
              (22 damage)
             ... on level 3 of the Swamp on July 23, 2023.
             The game lasted 01:42:29 (24328 turns).

Cheops the Brawler (Troll Fighter)                 Turns: 24328, Time: 01:42:29

HP:   -1/149 (152)  AC: 13    Str: 28    XL:     15   Next: 63%
MP:   14/14         EV: 13    Int: 10    God:    Wu Jian [*****.]
Gold: 778           SH: 20    Dex:  9    Spells: 12/14 levels left

rFire   . .          .
                       - Unarmed
rCold   . . .        x - +4 kite shield
rNeg    . . .        R - +0 troll leather armour
rPois   +            (helmet restricted)
rElec   .            i - +2 cloak
rCorr   .            (gloves unavailable)
SInv    .            (boots unavailable)
Will    +....        L - amulet of reflection
Stlth   +            f - +4 ring of protection
HPRegen 2.04/turn    E - ring of poison resistance
MPRegen 0.14/turn

%: reflection
@: mighty, in a heavenly storm, hasted, glowing, studying 2 skills, lightly
drained, very quick
A: large, unfitting armour, claws 3, regeneration 1, shaggy fur 1, tough skin 1
a: Renounce Religion, Wall Jump, Serpent's Lash, Heavenly Storm


You were on level 3 of the Swamp.
You worshipped Wu Jian.
Wu Jian was extremely pleased with you.
You visited 5 branches of the dungeon, and saw 24 of its levels.
You visited 1 bazaar.
You also visited: Ossuary and Ice Cave.

You collected 2431 gold pieces.
You spent 1653 gold pieces at shops.

Inventory:

Hand Weapons
 b - the +4 mace "Ladaaf" {holy, rF- rC++ rCorr}
   (You found it on level 5 of the Dungeon)

   rF:        It makes you vulnerable to fire.
   rC:        It greatly protects you from cold.
   rCorr:     It protects you from acid and corrosion.
Missiles
 I - 5 throwing nets (quivered)
Armour
 a - a scarf of harm
 i - a +2 cloak (worn)
 x - a +4 kite shield (worn)
 B - a +0 robe of resistance
 M - a +2 robe of willpower
 R - a +0 troll leather armour (worn)
Jewellery
 e - a ring of positive energy
 f - a +4 ring of protection (left claw)
 h - the amulet of Esoitonn {Spirit Rampage rC- rCorr Str-4}
   (You found it in an ice cave)

   [amulet of guardian spirit]

   It causes incoming damage to be divided between your reserves of health and
   magic.
   Str:       It affects your strength (-4).
   rC:        It makes you vulnerable to cold.
   rCorr:     It protects you from acid and corrosion.
   Rampage:   It bestows one free step when moving towards enemies.
 y - a ring of see invisible
 E - a ring of poison resistance (right claw)
 L - an amulet of reflection (around neck)
Wands
 r - a wand of paralysis (25)
 s - a wand of roots (33)
 u - a wand of acid (15)
 H - a wand of flame (36)
 K - a wand of mindburst (9)
 P - a wand of digging (14)
Scrolls
 j - 14 scrolls of teleportation
 l - 2 scrolls of blinking
 m - 8 scrolls of vulnerability
 n - a scroll of silence
 o - a scroll of amnesia
 q - a scroll of fog
 t - 3 scrolls of brand weapon
 v - 4 scrolls of immolation
 D - 5 scrolls of fear
 F - 4 scrolls of poison
 Q - a scroll of magic mapping
Potions
 c - 3 potions of might
 d - 2 potions of haste
 g - 6 potions of flight
 k - 8 potions of curing
 p - 3 potions of lignification
 w - 4 potions of attraction
 z - 2 potions of magic
 C - 5 potions of brilliance
 G - 2 potions of cancellation
 N - 2 potions of ambrosia
 O - 4 potions of mutation
 U - a potion of resistance
Miscellaneous
 S - a box of beasts
 T - a phial of floods


   Skills:
 - Level 10.7 Fighting
 - Level 8.1 Maces & Flails
 - Level 2.4 Dodging
 - Level 11.7 Shields
 - Level 18.5 Unarmed Combat
 * Level 9.2 Transmutations
 - Level 4.1 Evocations


You had 12 spell levels left.
You knew the following spells:

 Your Spells              Type           Power      Damage    Failure   Level
a - Wereblood             Tmut           18%        N/A       2%          2

Your spell library contained the following spells:

 Spells                   Type           Power      Damage    Failure   Level
 Foxfire                  Conj/Fire      0%         2x1d4     54%         1
 Freeze                   Ice            0%         1d3       54%         1
 Magic Dart               Conj           0%         1d3       54%         1
 Shock                    Conj/Air       0%         1d3       54%         1
 Summon Small Mammal      Summ           0%         N/A       54%         1
 Call Imp                 Summ           0%         N/A       69%         2
 Poisonous Vapours        Pois/Air       0%         N/A       69%         2
 Static Discharge         Conj/Air       0%         2-2/arc   69%         2
 Sublimation of Blood     Necr           0%         N/A       69%         2
 Call Canine Familiar     Summ           0%         N/A       89%         3
 Frozen Ramparts          Ice            0%         1d1       89%         3
 Hailstorm                Conj/Ice       0%         3d3       89%         3
 Mephitic Cloud           Conj/Pois/Air  0%         N/A       89%         3
 Summon Guardian Golem    Hex/Summ       0%         N/A       89%         3
 Airstrike                Air            0%         2d(0-16)  100%        4
 Anguish                  Hex/Necr       0%         N/A       100%        4
 Animate Dead             Necr           0%         N/A       100%        4
 Cause Fear               Hex            0%         N/A       100%        4
 Iskenderun's Mystic Bla  Conj/Tloc      0%         2d3       100%        4
 Summon Lightning Spire   Summ/Air       0%         N/A       100%        4
 Borgnjor's Vile Clutch   Necr/Erth      0%         N/A       100%        5
 Freezing Cloud           Conj/Ice/Air   0%         6-21      100%        5
 Death Channel            Necr           0%         N/A       100%        6
 Dragon Form              Tmut           9%         N/A       100%        7
 Enfeeble                 Hex            0%         N/A       100%        7
 Summon Hydra             Summ           0%         N/A       100%        7
 Dragon's Call            Summ           0%         N/A       100%        9


Dungeon Overview and Level Annotations

Branches:
Dungeon (13/15)            Temple (1/1) D:7            Lair (5/5) D:9
  Swamp (3/4) Lair:2        Snake (0/4) Lair:2        Slime (0/5) Lair:5
    Orc (2/2) D:12            Elf (0/3) Orc:2        Vaults (0/5) D:13
Ossuary (visited)           IceCv (visited)

Altars:
Ashenzari
Cheibriados
Dithmenos
Elyvilon
Fedhas
Gozag
Hepliaklqana
Kikubaaqudgha
Makhleb
Nemelex Xobeh
Okawaru
Qazlal
Ru
Sif Muna
Trog
Uskayaw
Vehumet
Wu Jian
Xom
Yredelemnul
Zin
The Shining One

Shops:
D:11 *   Orc:1 ![(   Orc:2 [[?:

Annotations:
Swamp:3 Mara


Innate Abilities, Weirdness & Mutations

You are too large for most types of armour.
You have claws for hands.
Your natural rate of healing is unusually fast.
You are covered in fur. (AC +1)
You have tough skin. (AC +1)


Message History

Cheops's illusion hits you!!
* * * LOW HITPOINT WARNING * * *
You feel much better. You block Cheops's illusion's attack.
Mara hits you with a +2 demon trident of pain!!
* * * LOW HITPOINT WARNING * * *
Unknown command.
Unknown command.
You spin and attack Mara.
You barely miss Mara.
Mara is severely wounded.
You spin and attack Cheops's illusion.
You mangle Cheops's illusion!!
Cheops's illusion is moderately wounded.
You block Cheops's illusion's attack.
There is a stone staircase leading up, spattered with blood here.
Unknown command.
You eviscerate Mara!!!
Mara is almost dead.
Mara hits you with a +2 demon trident of pain!!
* * * LOW HITPOINT WARNING * * *
You writhe in agony.
* * * LOW HITPOINT WARNING * * *
You block Cheops's illusion's attack.
Blink to where?
Press: ? - help, Dir - move target You can't see that place. [the floor.]
Okay, then.
Unknown command.
Unknown command.
Okay, then.
Unknown command.
You feel much better. You block Cheops's illusion's attack.
You feel much better.
Mara hits you with a +2 demon trident of pain!!
* * * LOW HITPOINT WARNING * * *
You writhe in agony.
* * * LOW HITPOINT WARNING * * *
Cheops's illusion hits you.
* * * LOW HITPOINT WARNING * * *
Mara hits you from afar with a +2 demon trident of pain!!
You die...

♣♣..♣.~~~~~~..~~
♣~...~~§~~~~.~~
♣♣...~~~~~~~...
♣~~§§☼☼§~~~.♣
♣.~§§☼§§☼~.~♣
♣..§§☼§§☼~~.♣♣
.♣~.§§R☼@§☼~.~♣♣
..~.~☼§§§§R☼~~~~~
......§☼§@☼§~~~~~
.......☼§§☼§§...?.
#########§§♣§~..♣♣
#..♣♣♣♣.~♣ #..♣ ~~
#..♣ ~ ♣♣~. ...


You could see 2 Maras and Cheops's illusion (fast, strong).

Vanquished Creatures
  Rupert (D:13)
  2 azure jellies (IceCv)
  Nessos (D:13)
  An eleionoma (Swamp:1)
  A bunyip (Swamp:2)
  A vault guard (D:13)
  4 hydras
  4 ghost crabs
  5 catoblepae
  A merfolk avatar (Lair:5)
  Harold (D:11)
  3 boulder beetles
  An alligator (Swamp:2)
  4 two-headed ogres
  2 centaur warriors
  5 death yaks (Lair:5)
  An orc high priest (Orc:2)
  5 spriggans
  4 skysharks
  3 skeletal warriors (D:13)
  A goliath frog (Swamp:2)
  4 spriggan druids
  A sea snake (Lair:5)
  2 bog bodies
  A lindwurm (Lair:5)
  A deep elf pyromancer (D:13)
  A swamp dragon (Swamp:2)
  A harpy (Lair:5)
  3 manticores
  An orc sorcerer (Orc:2)
  5 will-o-the-wisps
  5 cyclopes
  7 elephants
  5 black mambas
  2 ice statues (IceCv)
  6 gargoyles
  12 cane toads
  A kobold demonologist (D:10)
  5 rime drakes
  9 komodo dragons
  A bloated husk (Swamp:2)
  2 wind drakes (Lair:5)
  3 trolls
  8 hornets
  3 polar bears
  7 tyrant leeches
  42 slime creatures
  13 blink frogs
  5 dream sheep (Lair:4)
  A snapping turtle (Lair:5)
  32 yaks
  3 wyverns
  3 wraiths
  2 shadows
  4 basilisks
  A fire elemental (Lair:1)
  7 steam dragons
  10 vampire mosquitoes
  A death yak simulacrum (D:13)
  16 swamp worms
  A warg (Orc:2)
  2 nagas (Lair:2)
  18 water moccasins
  2 hornet zombies (Ossuary)
  A swamp drake (Swamp:2)
  34 orc warriors
  2 sky beasts
  3 great orb of eyes simulacra (IceCv)
  An ice beast (D:5)
  A black bear (shapeshifter) (D:13)
  2 black bears
  24 centaurs
  7 ogres
  5 slime creature simulacra (IceCv)
  3 wolves (Lair:1)
  4 kobold brigands
  13 bullfrogs
  Blork the orc (D:4)
  2 wyvern zombies (Ossuary)
  A gnoll sergeant (D:8)
  A glowing shapeshifter simulacrum (IceCv)
  3 scorpions
  A two-headed ogre simulacrum (D:13)
  A cane toad simulacrum (D:13)
  A water moccasin zombie (Ossuary)
  7 wights (D:7)
  11 killer bees
  3 electric eels
  A howler monkey (D:10)
  4 centaur zombies (Ossuary)
  A jelly (D:4)
  7 bullfrog zombies (Ossuary)
  10 orc priests
  A gnoll bouda (D:6)
  Crazy Yiuf (D:2)
  5 hounds
  Ijyb (D:4)
  An iguana (D:6)
  17 orc wizards
  13 hell rats
  3 spriggan simulacra (D:13)
  3 shapeshifter simulacra (IceCv)
  A troll simulacrum (D:13)
  A wolf simulacrum (D:13)
  2 killer bee zombies (Ossuary)
  14 mummies (Ossuary)
  3 howler monkey zombies (Ossuary)
  20 gnolls
  6 river rats (D:9)
  6 adders
  A shadow imp (D:7)
  3 white imps
  An ufetubus (D:5)
  A worm (D:2)
  5 dart slugs
  53 orcs
  8 endoplasms
  3 giant cockroaches
  8 goblins
  11 hobgoblins
  14 kobolds
  3 quokkas
  5 ball pythons
  11 bats
  3 frilled lizards
  18 rats
  A butterfly (D:7)
712 creatures vanquished.

Vanquished Creatures (collateral kills)
  A tengu conjurer (D:13)
1 creature vanquished.

Vanquished Creatures (others)
  A hydra (Swamp:1)
  2 spriggans (Swamp:3)
  A slime creature (IceCv)
  3 hornets
  26 foxfires
33 creatures vanquished.

Grand Total: 746 creatures vanquished

Notes
Turn   | Place    | Note
-------+----------+-------------------------------------------
     0 | D:1      | Cheops the Troll Fighter began the quest for the Orb.
     0 | D:1      | Reached XP level 1. HP: 22/22 MP: 0/0
   104 | D:1      | Reached XP level 2. HP: 29/29 MP: 1/1
   174 | D:1      | Reached skill level 3 in Unarmed Combat
   706 | D:2      | Noticed Crazy Yiuf
   706 | D:2      | Found a runed translucent door.
   713 | D:2      | Killed Crazy Yiuf
   714 | D:2      | Reached skill level 4 in Unarmed Combat
   714 | D:2      | Reached XP level 3. HP: 24/36 MP: 2/2
   927 | D:2      | Reached XP level 4. HP: 44/44 MP: 3/3
  1630 | D:3      | Reached skill level 5 in Unarmed Combat
  1647 | D:3      | Reached XP level 5. HP: 44/50 MP: 4/4
  2158 | D:3      | Reached skill level 6 in Unarmed Combat
  2478 | D:4      | Reached XP level 6. HP: 59/59 MP: 5/5
  2536 | D:4      | Found a glowing silver altar of Zin.
  2599 | D:4      | Noticed Ijyb
  2603 | D:4      | Killed Ijyb
  2604 | D:4      | Reached skill level 7 in Unarmed Combat
  2618 | D:4      | Found a stormy altar of Qazlal.
  2618 | D:4      | Found a broken altar of Ashenzari.
  2618 | D:4      | Found a glowing golden altar of the Shining One.
  2622 | D:4      | Found a sacrificial altar of Ru.
  2623 | D:4      | Found a blossoming altar of Fedhas.
  2625 | D:4      | Found an opulent altar of Gozag.
  2626 | D:4      | Found a burning altar of Makhleb.
  2628 | D:4      | Found a hazy altar of Hepliaklqana.
  2632 | D:4      | Found a shadowy altar of Dithmenos.
  2633 | D:4      | Found an ornate altar of the Wu Jian Council.
  2653 | D:4      | Became a worshipper of the Wu Jian Council
  2723 | D:4      | Noticed Blork the orc
  2731 | D:4      | Killed Blork the orc
  3142 | D:4      | Reached skill level 8 in Unarmed Combat
  3142 | D:4      | Reached XP level 7. HP: 61/66 MP: 6/6
  3390 | D:5      | Entered Level 5 of the Dungeon
  3575 | D:5      | Reached XP level 8. HP: 24/75 MP: 7/7
  3790 | D:5      | Identified the +4 mace "Ladaaf" {holy, rF- rC++ rCorr}
  4063 | D:6      | Noticed a gargoyle
  4085 | D:6      | Killed a gargoyle
  4086 | D:6      | Reached skill level 9 in Unarmed Combat
  4269 | D:6      | Reached * piety under Wu Jian
  4364 | D:6      | Reached skill level 10 in Unarmed Combat
  4609 | D:6      | Found a snail-covered altar of Cheibriados.
  4639 | D:6      | Reached XP level 9. HP: 85/85 MP: 8/8
  4697 | D:6      | You fall into a shaft and drop 3 floors!
  4758 | D:9      | Paralysed by a hornet for 3 turns
  4765 | D:9      | Reached skill level 5 in Shields
  5086 | D:9      | Found a staircase to the Lair.
  5179 | D:9      | Reached skill level 5 in Fighting
  5182 | D:9      | Reached skill level 11 in Unarmed Combat
  5313 | D:8      | Reached ** piety under Wu Jian
  5388 | D:8      | Found a sand-covered staircase.
  5393 | Ossuary  | Entered an ossuary
  5484 | Ossuary  | Reached XP level 10. HP: 96/97 MP: 9/9
  5629 | Ossuary  | Reached skill level 12 in Unarmed Combat
  5741 | D:7      | Found a staircase to the Ecumenical Temple.
  5898 | D:7      | Reached *** piety under Wu Jian
  6594 | D:7      | Noticed a +0 short sword
  6595 | D:7      | Noticed a +0 spear
  6596 | D:7      | Noticed a +0 short sword
  6596 | D:7      | Noticed a +0 falchion
  6596 | D:7      | Noticed a +0 falchion
  6596 | D:7      | Noticed a +0 dagger
  6596 | D:7      | Noticed a +0 spear
  6596 | D:7      | Noticed a +0 dagger
  6635 | D:7      | Found a hide-covered altar of Uskayaw.
  7330 | D:8      | Noticed a gargoyle
  7336 | D:8      | Killed a gargoyle
  7371 | D:8      | Noticed a gargoyle
  7376 | D:8      | Killed a gargoyle
  7377 | D:8      | Reached skill level 13 in Unarmed Combat
  7382 | D:8      | Noticed a gargoyle
  7384 | D:8      | Killed a gargoyle
  7391 | D:8      | Noticed a gargoyle
  7394 | D:8      | Killed a gargoyle
  7423 | D:8      | Noticed a gargoyle
  7427 | D:8      | Killed a gargoyle
  7428 | D:8      | Reached XP level 11. HP: 80/107 MP: 10/10
  7625 | D:9      | Noticed a two-headed ogre
  7629 | D:9      | Killed a two-headed ogre
  7845 | D:9      | Identified the +0 rapier of Diytan {flame, +Blink Int+3}
  7954 | D:10     | Entered Level 10 of the Dungeon
  8177 | D:10     | Noticed a two-headed ogre
  8183 | D:10     | Killed a two-headed ogre
  8183 | D:10     | Reached **** piety under Wu Jian
  8405 | D:10     | Reached skill level 14 in Unarmed Combat
  9026 | D:11     | Found Roxtuoz's Assorted Antiques.
  9029 | D:11     | Bought a dented diamond amulet for 145 gold pieces
  9228 | D:11     | Found a gate leading to a gauntlet.
  9327 | D:11     | Noticed Harold
  9329 | D:11     | Noticed a two-headed ogre
  9334 | D:11     | Killed Harold
  9339 | D:11     | Killed a two-headed ogre
 10201 | D:12     | Found a flickering gateway to a bazaar.
 10232 | Bazaar   | Entered a bazaar
 10233 | Bazaar   | Found Xuriho's Armour Boutique.
 10233 | Bazaar   | Found Itel's Antique Armour Shop.
 10234 | Bazaar   | Found Qoveischaamo's Antique Weapon Emporium.
 10265 | Bazaar   | Found Colloiri's General Store.
 10273 | Bazaar   | Bought a scroll of identify for 24 gold pieces
 10273 | Bazaar   | Bought a scroll of amnesia for 48 gold pieces
 10273 | Bazaar   | Bought a scroll of teleportation for 36 gold pieces
 10335 | D:12     | Reached XP level 12. HP: 119/119 MP: 11/11
 10369 | D:12     | Reached skill level 15 in Unarmed Combat
 10484 | D:12     | Noticed a boulder beetle
 10499 | D:12     | Killed a boulder beetle
 10648 | D:12     | Reached ***** piety under Wu Jian
 10738 | D:12     | Found a staircase to the Orcish Mines.
 10961 | D:13     | Noticed a two-headed ogre
 10972 | D:13     | Killed a two-headed ogre
 11030 | D:13     | Noticed Rupert
 11155 | D:13     | Noticed Nessos
 11168 | D:13     | Killed Nessos
 11169 | D:13     | Reached skill level 1 in Maces & Flails
 11191 | D:13     | HP: 8/183 [deep elf pyromancer/bolt of fire (15)]
 11196 | D:13     | Killed Rupert
 11266 | D:13     | Reached skill level 5 in Maces & Flails
 11308 | D:13     | Found a frozen archway.
 11320 | IceCv    | Entered an ice cave
 11798 | IceCv    | Reached XP level 13. HP: 119/128 MP: 12/12
 12518 | IceCv    | Reached skill level 1 in Evocations
 12568 | IceCv    | Found a viscous altar of Jiyva.
 12568 | IceCv    | Noticed an azure jelly
 12588 | IceCv    | Killed an azure jelly
 12691 | IceCv    | Noticed an azure jelly
 12709 | IceCv    | Killed an azure jelly
 12754 | IceCv    | Identified the amulet of Esoitonn {Spirit Rampage rC- rCorr
                  | Str-4}
 13348 | D:13     | Found a gate to the Vaults.
 14157 | Lair:1   | Entered Level 1 of the Lair of Beasts
 14611 | Lair:1   | Reached skill level 16 in Unarmed Combat
 15474 | Lair:2   | Found a staircase to the Snake Pit.
 15533 | Lair:2   | Reached skill level 10 in Shields
 15762 | Lair:2   | Found a staircase to the Swamp.
 16681 | Lair:3   | Reached XP level 14. HP: 124/140 MP: 13/13
 17009 | Lair:4   | Reached ****** piety under Wu Jian
 17421 | Lair:4   | Reached skill level 17 in Unarmed Combat
 18153 | Lair:5   | Entered Level 5 of the Lair of Beasts
 18628 | Lair:5   | Reached skill level 10 in Fighting
 18987 | Lair:5   | Reached skill level 18 in Unarmed Combat
 19196 | Lair:5   | Found a staircase to the Slime Pits.
 19365 | Lair:5   | Got the Textbook on Wild Weather
 19718 | Temple   | Entered the Ecumenical Temple
 19865 | Orc:1    | Entered Level 1 of the Orcish Mines
 20062 | Orc:1    | Found Iteixyr's Distillery.
 20070 | Orc:1    | Bought a potion of resistance for 180 gold pieces
 20070 | Orc:1    | Bought 2 potions of heal wounds for 180 gold pieces
 20106 | Orc:1    | Found Loefecog's Antique Armour Shop.
 20187 | Orc:1    | Found Tomu's Weapon Shoppe.
 20340 | Orc:2    | Entered Level 2 of the Orcish Mines
 20489 | Orc:2    | Reached XP level 15. HP: 142/152 MP: 14/14
 20577 | Orc:2    | Found a bloodstained altar of Trog.
 21273 | Orc:2    | Found Itsobeowk's Magic Scroll Shoppe.
 21273 | Orc:2    | Found Keutodum's Armour Shop.
 21275 | Orc:2    | Found Ysmy's Antique Armour Boutique.
 21277 | Orc:2    | Found Zauts's Book Emporium.
 21344 | Orc:2    | Found a staircase to the Elven Halls.
 21449 | Orc:2    | Found a bloodstained altar of Trog.
 21625 | Orc:2    | Found Keutodum's Armour Shop.
 21625 | Orc:2    | Found Itsobeowk's Magic Scroll Shoppe.
 21627 | Orc:2    | Found Zauts's Book Emporium.
 21629 | Orc:2    | Found Ysmy's Antique Armour Boutique.
 21814 | Orc:2    | Bought a manual of Transmutations for 1040 gold pieces
 22012 | Swamp:1  | Entered Level 1 of the Swamp
 22016 | Swamp:1  | Learned a level 2 spell: Wereblood
 22154 | Swamp:1  | Reached skill level 1 in Transmutations
 22878 | Swamp:1  | Reached skill level 5 in Transmutations
 24252 | Swamp:3  | Noticed Mara
 24318 | Swamp:3  | Noticed Cheops's illusion
 24325 | Swamp:3  | HP: 4/149 [Mara/+2 demon trident of pain (4)]
 24328 | Swamp:3  | Slain by Mara

Illustrated notes

Levels and vault maps discovered:
D:1:      nicolae_arrival_washed_ashore, layout_basic,
          chequers_serial_rivers_micro_c, minmay_misc_feat_plants
D:2:      layout_basic, uniq_crazy_yiuf_cottage
D:3:      layout_loops_corners, kennysheep_generic_room_13
D:4:      layout_basic, mainiacjoe_overflow_concentric_impassable,
          nicolae_overflow_hallway_of_the_gods, kennysheep_generic_room_6,
          uniq_ijyb, uniq_blork_the_orc
D:5:      layout_rooms
D:6:      layout_loops_ring, nicolae_overflow_hidden_temple, serial_bayou,
          serial_bayou_lake_a, serial_bayou_pond_e, serial_bayou_shore_a,
          serial_bayou_pond_c
D:7:      kennysheep_steamy, layout_basic, nicolae_uskayaw_en_pointe,
          minmay_temple_entry_butterflies
D:8:      cheibrodos_statue_roulette, layout_cave_pods, enter_ossuary_5
D:9:      layout_loops_ring, lair_entry_dummy, dk_rats_in_the_wall
D:10:     layout_irregular_city
D:11:     layout_long_grid, serial_shops, nicolae_stop_n_shop_1,
          gauntlet_entry_generic, serial_co_window_serial, co_window_paths_a,
          co_window_corner_a, co_window_of_opportunity_a, co_window_corner_a,
          co_window_of_opportunity_a, co_window_broadway_c,
          co_window_broadway_b, co_window_2corner, co_window_sun,
          co_window_4corner_a, glass_columns_a, chequers_serial_rivers_room_b,
          hangedman_decor_peaks_small, uniq_harold
D:12:     layout_cave_pools, hiddenorc1_lemuel, serial_shops, bzr_entry_water
D:13:     layout_cave_pools, david_vaults_5,
          portal_ice_cave_entry_ice_simulacra, uniq_rupert, uniq_nessos
Temple:   nicolae_temple_cloud_nine
Lair:1:   layout_gridlike, beast_lair_carwin_4, lemuel_fruit_fields
Lair:2:   layout_chaotic_city, minmay_swamp_entry_worms,
          guppyfry_snake_entry_garden
Lair:3:   layout_concentric_octagons, grunt_megastairs_4
Lair:4:   layout_cave_pods, infiniplex_staircase_pool, grunt_megastairs_3
Lair:5:   gammafunk_lair_ancient_temple, layout_misc_corridors,
          dpeg_slime_entry_enclosed, serial_bayou_pond_c
Swamp:1:  layout_basic_swamp, evilmike_swamp_ruin_house_6
Swamp:2:  layout_basic_swamp, nicolae_swamp_oxbows
Swamp:3:  layout_basic_swamp, ebering_ghost_inner_flame,
          evilmike_swamp_ruin_house_5, nicolae_swamp_round_clearing,
          swamp_pool1, uniq_mara
Orc:1:    layout_diamond_mine, serial_shops, nicolae_shop_bloodbath_and_beyond,
          nicolae_diamond_shop, shop, mines1_david
Orc:2:    st_orc_rangers, layout_caves, basic_altar

Skill      XL: |  1  2  3  4  5  6  7  8  9 10 11 12 13 14 15 |
---------------+----------------------------------------------+-----
Unarmed Combat | 4 5 6 8 10 11 13 14 15 16 18 | 18.5
Shields        | 3 4 6 7 8 9 10 11 | 11.7
Fighting       | 3 4 5 6 8 9 10 | 10.7
Maces & Flails | 7 8 |  8.1
Evocations     | 4 |  4.1
Transmutations | 9 |  9.2
Dodging        | |  2.4

Action                     |  1- 3 |  4- 6 |  7- 9 | 10-12 | 13-15 || total
---------------------------+-------+-------+-------+-------+-------++-------
  Melee: Unarmed           |    79 |   212 |   306 |   593 |  1182 ||  2372
         Mace              |       |       |       |    34 |   112 ||   146
  Throw: Throwing net      |       |       |       |     1 |       ||     1
   Cast: Wereblood         |       |       |       |       |     1 ||     1
 Invoke: Serpent's Lash    |       |       |       |       |     2 ||     2
         Heavenly Storm    |       |       |       |       |     2 ||     2
Ability: Lunge             |       |     3 |    10 |    34 |    61 ||   108
         Whirlwind         |       |       |     1 |    22 |    32 ||    55
         Wall Jump         |       |       |       |     2 |    18 ||    20
  Evoke: Wand              |       |       |       |     1 |    10 ||    11
    Use: Scroll            |       |       |     6 |    16 |    10 ||    32
         Potion            |       |       |       |    12 |    10 ||    22
   Stab: Sleeping          |       |     1 |       |       |       ||     1
         Distracted        |       |       |       |     1 |     2 ||     3
         Petrified         |       |       |       |       |     9 ||     9
 Armour: Robe              |    22 |    74 |    81 |   106 |   158 ||   441
         Skin              |       |       |       |     6 |       ||     6
         Troll leather arm |       |       |       |       |   124 ||   124
  Dodge: Dodged            |    19 |    73 |    81 |   144 |   280 ||   597
  Block: Kite shield       |    35 |    72 |    88 |   280 |   933 ||  1408
         Reflection        |       |       |       |     6 |   108 ||   114
